 Dungeon Crawl Stone Soup version 0.26.1-2-gb8aa6d0cf2 (webtiles) character file.

Game seed: 5314896797605043289

16216 Gadfly the Basher (level 12, -3/130 HPs)
             Began as a Troll Artificer on Feb 24, 2021.
             Was a High Priest of Trog.
             Slain by a seven-headed hydra (5 damage)
             ... on level 1 of the Lair of Beasts.
             The game lasted 00:28:35 (14776 turns).

Gadfly the Basher (Troll Artificer)                Turns: 14776, Time: 00:28:36

Health: -3/130     AC: 19    Str: 26    XL:     12   Next: 8%
Magic:  0/11       EV:  8    Int:  7    God:    Trog [*****.]
Gold:   514        SH:  0    Dex: 11    Spells: 11/11 levels left

rFire    . . .     SeeInvis .   a - +2 flail (venom)
rCold    + + +     Faith    .   (no shield)
rNeg     . . .     Spirit   +   g - +0 ice dragon scales
rPois    .         Reflect  .   (helmet restricted)
rElec    .         Harm     .   I - +2 cloak {Stlth+}
rCorr    .         Rampage  .   (gloves unavailable)
Will     +....                  (boots unavailable)
Stlth    ..........             D - amulet of guardian spirit
HPRegen  0.71/turn              M - ring of willpower
MPRegen  0.12/turn              j - ring of protection from cold

@: no status effects
A: large, unfitting armour, claws 3, cold resistance 1, fire resistance 1,
regeneration 1, robust 1, shaggy fur 1, tough skin 3, MP-powered wands
a: Renounce Religion, Berserk, Trog's Hand, Brothers in Arms


You were on level 1 of the Lair of Beasts.
You worshipped Trog.
Trog was extremely pleased with you.
You visited 3 branches of the dungeon, and saw 15 of its levels.
You also visited: Ossuary.

You collected 810 gold pieces.
You spent 296 gold pieces at shops.

Inventory:

Hand Weapons
 a - a +2 flail of venom (weapon)
 b - a +2 flail of protection
 c - a +1 vorpal flail
 O - a +0 flail of holy wrath
Armour
 g - +0 ice dragon scales (worn)
 I - a +2 cloak of stealth (worn)
Jewellery
 j - a ring of protection from cold (right claw)
 m - an uncursed ring of resist corrosion
 q - an uncursed ring of willpower
 D - an amulet of guardian spirit (around neck)
 J - an uncursed ring of fire
 K - an uncursed ring of protection from cold
 M - a ring of willpower (left claw)
Wands
 d - a wand of enslavement (14)
 e - a wand of random effects (10)
 f - a wand of acid (11)
 t - a wand of polymorph (12)
 y - a wand of disintegration (10)
 B - a wand of flame (37) (quivered)
 C - a wand of digging (10)
 L - a wand of paralysis (8)
Scrolls
 h - 8 scrolls of teleportation
 k - 2 scrolls of enchant armour
 l - a scroll of fear
 n - 3 scrolls of magic mapping
 v - 8 scrolls of remove curse
 w - a scroll of holy word
 z - a scroll of blinking
 G - a scroll of fog
 H - a scroll of brand weapon
 P - a scroll of summoning
Potions
 i - 6 potions of resistance
 o - 2 potions of lignification
 p - 2 potions of heal wounds
 r - a potion of might
 s - 5 potions of curing
 u - 2 potions of attraction
 x - 2 potions of cancellation
 A - 3 potions of flight
 E - a potion of mutation
 F - 2 potions of ambrosia


   Skills:
 + Level 7.6 Fighting
 * Level 10.3 Maces & Flails
 * Level 8.3 Armour
 - Level 1.9 Dodging
 - Level 0.3 Stealth
 * Level 7.6 Evocations


You had 11 spell levels left.
You didn't know any spells.
Your spell library contained the following spells:

 Spells                   Type           Power        Failure   Level
 Beastly Appendage        Tmut           0%           73%         1
 Wereblood                Tmut           0%           86%         2
 Spider Form              Tmut/Pois      0%           97%         3
 Ice Form                 Ice/Tmut       0%           100%        4
 Blade Hands              Tmut           0%           100%        5


Dungeon Overview and Level Annotations

Branches:
Dungeon (12/15)            Temple (1/1) D:4            Lair (2/6) D:9
    Orc (0/2) D:11        Ossuary (visited)
  Swamp: Lair:2-4    Shoals: Lair:2-4     Snake: Lair:2-4    Spider: Lair:2-4

Altars:
Ashenzari
Cheibriados
Dithmenos
Elyvilon
Fedhas
Gozag
Hepliaklqana
Kikubaaqudgha
Makhleb
Nemelex Xobeh
Okawaru
Qazlal
Ru
Sif Muna
Trog
Uskayaw
Vehumet
Wu Jian
Xom
Yredelemnul
Zin
The Shining One
Beogh

Shops:
D:6 (   D:8 **(?   D:9 *

Annotations:
D:11 2 transporters, exclusion: oklob plant, Dillybarz's ghost, journeyman HOMo


Innate Abilities, Weirdness & Mutations

You are too large for most types of armour.
You have claws for hands.
Your natural rate of healing is unusually fast.
You are covered in fur. (AC +1)
You have extremely tough skin. (AC +3)
Your flesh is cold resistant. (rC+)
Your flesh is heat resistant. (rF+)
You are robust. (+10% HP)
You expend magic power (3 MP) to strengthen your wands.


Message History

You hit the seven-headed hydra.
The seven-headed hydra is severely wounded.
The seven-headed hydra bites you but does no damage.
The seven-headed hydra bites you.
* * * LOW HITPOINT WARNING * * *
The seven-headed hydra bites you!
* * * LOW HITPOINT WARNING * * *
The seven-headed hydra bites you!
* * * LOW HITPOINT WARNING * * *
The seven-headed hydra bites you but does no damage.
The seven-headed hydra closely misses you.
The seven-headed hydra bites you but does no damage.
As you read the scroll of fear, it crumbles to dust.
You assume a fearsome visage.
The seven-headed hydra easily resists.
The seven-headed hydra bites you but does no damage. x2
The seven-headed hydra bites you.
* * * LOW HITPOINT WARNING * * *
The seven-headed hydra bites you but does no damage. x2
The seven-headed hydra bites you.
You die...

# #.#....................... #
#...........#....##....... #
##...#####.#.###+..#...#### #
#..###......#......#.#..... #
##.....##.........#.#...##. ####
#.................#........
(#.####...#...8...+.#.8.#.+...8..
..................#.......#......
.........##.##.#@...#...#.#..##..
.........#.#....D###.....###.....
###.........#...##.##..#####...##
...................##...###.####
..#...............>#.....#.######
..'................#8.8.8#.......
..'................#.............
..#.......##########..8.###P.###.
..#.......## #.#.### #### #.


You could see a seven-headed hydra.

Vanquished Creatures
  2 hydras
  3 two-headed ogres
  An unseen horror (D:11)
  An ugly thing (D:11)
  Joseph (D:7)
  Maurice (D:8)
  A cane toad (Lair:2)
  2 komodo dragons (Lair:1)
  2 trolls
  2 wraiths
  19 yaks
  Grum (D:10)
  Edmund (D:5)
  4 vampire mosquitoes (D:7)
  Menkaure (D:7)
  4 water moccasins (Lair:1)
  4 orc warriors
  2 sky beasts
  The ghost of scottley the Ruffian, an amateur TrMo (D:3)
  2 ice beasts
  3 phantoms
  An eye of draining (D:10)
  A necrophage (D:10)
  9 ogres
  3 wolves (D:10)
  6 centaurs
  2 bullfrogs
  A wyvern zombie (D:11)
  13 scorpions
  A wyvern skeleton (D:8)
  A water moccasin skeleton (D:4)
  12 killer bees
  A howler monkey (D:4)
  7 wights
  3 bullfrog zombies
  3 human zombies (Ossuary)
  5 hounds
  2 centaur zombies (Ossuary)
  Crazy Yiuf (D:6)
  5 orc priests
  2 bullfrog skeletons (D:9)
  2 iguanas
  8 orc wizards
  7 worker ants
  A big kobold zombie (Ossuary)
  3 mummies (Ossuary)
  A hound skeleton (D:8)
  A howler monkey zombie (D:7)
  10 adders
  4 gnolls (D:8)
  A howler monkey skeleton (D:8)
  7 scorpion zombies (Ossuary)
  5 white imps
  3 ufetubi
  An adder zombie (D:7)
  2 worms
  4 leopard geckos
  33 orcs
  5 giant cockroaches
  2 gnoll zombies (Ossuary)
  3 goblins (D:2)
  4 hobgoblins
  15 jackals
  2 quokkas
  8 bats
  2 frilled lizards
  A giant cockroach zombie (D:5)
  3 goblin zombies (Ossuary)
  5 kobolds
  2 kobold zombies (Ossuary)
  5 rats
287 creatures vanquished.

Vanquished Creatures (collateral kills)
  An electric eel (D:7)
1 creature vanquished.

Vanquished Creatures (others)
  A lava snake (D:7)
  An orc zombie (Ossuary)
  5 fungi
  9 plants
16 creatures vanquished.

Grand Total: 304 creatures vanquished

Notes
Turn   | Place    | Note
-------+----------+-------------------------------------------
     0 | D:1      | Gadfly the Troll Artificer began the quest for the Orb.
     0 | D:1      | Reached XP level 1. HP: 18/18 MP: 0/0
   250 | D:1      | Reached skill level 1 in Fighting
   250 | D:1      | Reached XP level 2. HP: 21/27 MP: 1/1
   388 | D:1      | Reached skill level 1 in Maces & Flails
   950 | D:2      | Reached skill level 1 in Armour
  1042 | D:2      | Reached skill level 2 in Maces & Flails
  1042 | D:2      | Reached XP level 3. HP: 33/33 MP: 2/2
  1515 | D:2      | Reached XP level 4. HP: 41/41 MP: 3/3
  1981 | D:3      | Found a runed translucent door.
  1982 | D:3      | Noticed scottley's ghost (amateur TrMo)
  2332 | D:3      | Killed scottley's ghost
  2333 | D:3      | Reached skill level 3 in Maces & Flails
  2333 | D:3      | Reached XP level 5. HP: 14/48 MP: 4/4
  2400 | D:3      | Gained mutation: You are frail. (-10% HP) [potion of
                  | mutation]
  2400 | D:3      | Gained mutation: Your spells are a little harder to cast,
                  | but a little more powerful. [potion of mutation]
  2400 | D:3      | Gained mutation: Your mind is acute. (Int +2) [potion of
                  | mutation]
  2402 | D:3      | Lost mutation: You are frail. (-10% HP) [potion of
                  | mutation]
  2402 | D:3      | Lost mutation: Your spells are a little harder to cast, but
                  | a little more powerful. [potion of mutation]
  2402 | D:3      | Gained mutation: Your flesh is cold resistant. (rC+)
                  | [potion of mutation]
  2402 | D:3      | Gained mutation: Your flesh is heat resistant. (rF+)
                  | [potion of mutation]
  2514 | D:4      | Found a staircase to the Ecumenical Temple.
  2545 | Temple   | Entered the Ecumenical Temple
  2718 | Temple   | Became a worshipper of Trog the Wrathful
  2802 | D:4      | Reached XP level 6. HP: 41/57 MP: 5/5
  2806 | D:4      | Reached skill level 4 in Maces & Flails
  2944 | D:4      | Found a hazy altar of Hepliaklqana.
  3060 | D:4      | Reached XP level 7. HP: 57/66 MP: 6/6
  3073 | D:4      | Reached * piety under Trog
  3406 | D:4      | You fall into a shaft and drop 3 floors!
  3524 | D:7      | Reached skill level 5 in Maces & Flails
  3569 | D:7      | Noticed a two-headed ogre
  3583 | D:7      | HP: 3/67 [two-headed ogre/cursed -1 giant spiked club (19)]
  3589 | D:7      | Killed a two-headed ogre
  3590 | D:7      | Reached skill level 6 in Maces & Flails
  3590 | D:7      | Reached XP level 8. HP: 9/79 MP: 7/7
  3969 | D:7      | Noticed Menkaure
  3981 | D:7      | Killed Menkaure
  4113 | D:6      | Found Wimoeco's Weapon Shoppe.
  4122 | D:5      | Entered Level 5 of the Dungeon
  4177 | D:5      | Found a blossoming altar of Fedhas.
  4227 | D:5      | Reached skill level 5 in Fighting
  4411 | D:5      | Reached ** piety under Trog
  4417 | D:5      | Found a sand-covered staircase.
  4425 | Ossuary  | Entered an ossuary
  4470 | Ossuary  | Reached XP level 9. HP: 88/88 MP: 8/8
  4932 | Ossuary  | Reached skill level 7 in Maces & Flails
  5667 | D:5      | Reached *** piety under Trog
  5782 | D:5      | Got a warped dagger
  5783 | D:5      | Identified the +7 dagger of Shrieking Terror {vorpal, Will+
                  | Str+2} (You found it on level 5 of the Dungeon)
  5881 | D:5      | Noticed Edmund
  5902 | D:5      | Killed Edmund
  5917 | D:5      | Found a snail-covered altar of Cheibriados.
  6240 | D:5      | Found a burning altar of Makhleb.
  6403 | D:5      | Found an ancient bone altar of Kikubaaqudgha.
  6747 | D:6      | Found a runed translucent door.
  6748 | D:6      | Noticed Crazy Yiuf
  7077 | D:6      | Killed Crazy Yiuf
  7078 | D:6      | Reached skill level 5 in Armour
  7211 | D:7      | Noticed Joseph
  7233 | D:7      | Killed Joseph
  7732 | D:7      | Reached XP level 10. HP: 95/98 MP: 9/9
  7740 | D:7      | Reached skill level 5 in Evocations
  7773 | D:7      | Reached skill level 8 in Maces & Flails
  7976 | D:7      | Found the +12 Vampire's Tooth {vamp}
  8357 | D:8      | Found Gaimug's Magic Scroll Emporium.
  8365 | D:8      | Bought a scroll of noise for 11 gold pieces
  8365 | D:8      | Bought a scroll of fog for 22 gold pieces
  8365 | D:8      | Bought a scroll of brand weapon for 220 gold pieces
  8444 | D:8      | Reached **** piety under Trog
  8597 | D:8      | Noticed a two-headed ogre
  8607 | D:8      | Killed a two-headed ogre
  8669 | D:8      | Found Lyseh's Assorted Antiques.
  8681 | D:8      | Bought 2 smoky grey potions for 43 gold pieces
  8980 | D:8      | Noticed Maurice
  8981 | D:8      | Found Wusmom's Antique Weapon Shoppe.
  8995 | D:8      | Killed Maurice
  9044 | D:8      | Found Seh Ypha's Assorted Antiques.
  9704 | D:9      | Lost mutation: Your mind is acute. (Int +2) [potion of
                  | mutation]
  9704 | D:9      | Gained mutation: You expend magic power (3 MP) to
                  | strengthen your wands. [potion of mutation]
  9704 | D:9      | Gained mutation: You are robust. (+10% HP) [potion of
                  | mutation]
  9794 | D:9      | Found a staircase to the Lair.
  9837 | D:9      | Found Odotoa's General Store.
  9908 | D:9      | Reached skill level 9 in Maces & Flails
 10020 | D:9      | Reached XP level 11. HP: 90/117 MP: 8/10
 10304 | D:10     | Entered Level 10 of the Dungeon
 10450 | D:10     | Noticed Grum
 10469 | D:10     | Killed Grum
 10637 | D:10     | Reached ***** piety under Trog
 11491 | D:10     | Noticed a two-headed ogre
 11500 | D:10     | Killed a two-headed ogre
 11832 | D:11     | Killed an unseen horror
 11899 | D:11     | Noticed a red ugly thing
 11941 | D:11     | Killed a red ugly thing
 12255 | D:11     | Found a staircase to the Orcish Mines.
 12287 | D:11     | Noticed a cyan ugly thing
 12288 | D:11     | Found a transporter.
 12288 | D:11     | Noticed Dillybarz's ghost (journeyman HOMo)
 12290 | D:11     | Noticed an oklob plant
 12291 | D:11     | Noticed a cyan ugly thing
 12294 | D:11     | Noticed a cyan ugly thing
 12301 | D:11     | Found a transporter.
 12691 | D:11     | Found a roughly hewn altar of Beogh.
 12974 | Lair:1   | Entered Level 1 of the Lair of Beasts
 13189 | Lair:1   | Noticed a seven-headed hydra
 13607 | Lair:1   | Killed a seven-headed hydra
 13608 | Lair:1   | Reached skill level 10 in Maces & Flails
 13720 | Lair:1   | Received a gift from Trog
 14612 | Lair:2   | Noticed a five-headed hydra
 14628 | Lair:2   | Killed a five-headed hydra
 14629 | Lair:2   | Reached XP level 12. HP: 45/129 MP: 4/11
 14750 | Lair:2   | Noticed a seven-headed hydra
 14759 | Lair:2   | Noticed a six-headed hydra
 14775 | Lair:1   | HP: 5/130 [seven-headed hydra (8)]
 14776 | Lair:1   | HP: 2/130 [seven-headed hydra (3)]
 14776 | Lair:1   | Slain by a seven-headed hydra

Illustrated notes

Levels and vault maps discovered:
D:1:      elethiomel_arrival_infinity_welcomes_careful_drivers, layout_rooms
D:2:      layout_basic, minmay_tetromino_o2
D:3:      layout_basic, ebering_ghost_reflecting_pool
D:4:      layout_gridville, lemuel_coloured_pillars_altar,
          minmay_temple_entry_overgrown, guppyfry_early_lair_pool
D:5:      layout_basic, nicolae_overflow_hidden_temple,
          nicolae_ossuary_entry_ruins, uniq_edmund
D:6:      layout_loops_ring, serial_shops,
          nicolae_shop_temple_entry_statues_fountains, uniq_crazy_yiuf_cottage
D:7:      layout_gridville, nicolae_lava_and_water, kennysheep_generic_room_11,
          uniq_menkaure, uniq_joseph
D:8:      layout_layer_cave, serial_shops, shop, shop, kennysheep_little_box,
          nicolae_shop_temple_entry_statues_fountains, uniq_maurice
D:9:      layout_small_grid, lair_entry_dummy, serial_shops, shop,
          hangedman_abyss_or_decor_stabs
D:10:     layout_loops_ring, serial_co_window_serial,
          co_window_of_opportunity_a, co_window_of_opportunity_a,
          co_window_corner_a, co_window_paths_a, co_window_cross_1,
          co_window_broadway_a, co_window_unsneaky_path_e, co_window_2corner,
          co_window_of_opportunity_b, co_window_corner_b, co_window_paths_c,
          glass_columns_c, glass_columns_b, glass_columns_a, glass_columns_b,
          glass_columns_b, hangedman_decor_riveting, uniq_grum
D:11:     layout_loops_ring, minmay_orc_entry_temple_small, nzn_ghost_randoct
D:12:     layout_gridville, minivault_8
Temple:   minmay_crystal_spiral_temple
Lair:1:   layout_chaotic_city, infiniplex_staircase_pool_2, grunt_megastairs_1,
          serial_bayou_shore_a
Lair:2:   layout_cave_shapes, minmay_swamp_entry_reptiles,
          bh_autumn_forest_stairs, bobbens_dragon_lair_wall

Skill      XL: |  1  2  3  4  5  6  7  8  9 10 11 |
---------------+----------------------------------+-----
Fighting       | 1 2 4 5 6 7 |  7.6
Maces & Flails | 2 3 4 6 7 9 10 | 10.3
Armour         | 1 2 3 4 5 6 8 |  8.3
Evocations     | 3 4 6 7 |  7.6
Dodging        | |  1.9
Stealth        | |  0.3

Action                   |  1- 3 |  4- 6 |  7- 9 | 10-12 || total
-------------------------+-------+-------+-------+-------++-------
Melee: Club              |    83 |       |       |       ||    83
       Whip              |     6 |       |       |       ||     6
       Dagger            |    42 |   127 |   229 |       ||   398
       Mace              |       |    23 |       |       ||    23
       Flail             |       |       |   307 |   644 ||   951
       Quick blade       |       |       |       |     4 ||     4
Invok: Berserk           |       |       |     1 |     2 ||     3
Evoke: Wand              |       |       |     3 |    22 ||    25
  Use: Scroll            |     5 |     2 |    18 |     5 ||    30
       Potion            |       |     8 |     2 |     1 ||    11
 Stab: Distracted        |     1 |       |       |       ||     1
       Sleeping          |     1 |       |       |       ||     1
       Invisible         |       |       |     2 |       ||     2
Armor: Robe              |    68 |    16 |       |       ||    84
       Ice dragon scales |       |   104 |   355 |   530 ||   989
Dodge: Dodged            |   110 |    63 |   240 |   312 ||   725
